[ PARTIDA AOE2 · #471682061 ]
UnrankedJaponeses vs Portuguese
Equipo del jugador · DERR
[ ANÁLISIS DE REPETICIÓN · EXTRAÍDO DE LA PARTIDA GRABADA ]
Feudal
12:57
Castillos
26:51
Imperial
41:51
| APM promedio | 41.9 |
| APM pico | 85 |
| eAPM promedio | 21.0 |
| Aldeanos / militares | 163 / 346 |
Foco
⚔️ 29.6% · 🌾 70.4%
Skirmisher ×245 · Spearman ×55 · Fire Galley ×16 · Fishing Ship ×11 · Galley ×10 · Unknown (2626) ×9
Feudal
12:45
Castillos
23:15
Imperial
50:34
| APM promedio | 30.6 |
| APM pico | 79 |
| eAPM promedio | 19.4 |
| Aldeanos / militares | 184 / 63 |
Foco
⚔️ 22.5% · 🌾 77.5%
Skirmisher ×34 · Organ Gun ×12 · Mangonel ×6 · Battering Ram ×6 · Fishing Ship ×5 · Archer ×3
Feudal
14:24
Castillos
18:19
Imperial
37:19
| APM promedio | 33.8 |
| APM pico | 128 |
| eAPM promedio | 22.1 |
| Aldeanos / militares | 182 / 355 |
Foco
⚔️ 38.9% · 🌾 61.1%
Mameluke ×153 · Scout Cavalry ×145 · Camel Scout ×29 · Galley ×24 · Fishing Ship ×22 · Unknown (2626) ×16
Feudal
13:04
Castillos
23:36
Imperial
43:50
| APM promedio | 43.2 |
| APM pico | 64 |
| eAPM promedio | 23.2 |
| Aldeanos / militares | 170 / 415 |
Foco
⚔️ 45.0% · 🌾 55.0%
Bolas Rider ×209 · Skirmisher ×67 · Fire Galley ×53 · Spearman ×46 · Fishing Ship ×27 · Galley ×21
Feudal
12:15
Castillos
17:04
Imperial
31:47
| APM promedio | 27.5 |
| APM pico | 59 |
| eAPM promedio | 18.3 |
| Aldeanos / militares | 188 / 149 |
Foco
⚔️ 27.6% · 🌾 72.4%
Battle Elephant ×137 · Trade Cart ×6 · Fishing Ship ×6 · Trebuchet (Packed) ×6 · Transport Ship ×4 · Mangonel ×2
Feudal
13:12
Castillos
21:26
Imperial
32:39
| APM promedio | 25.6 |
| APM pico | 56 |
| eAPM promedio | 15.7 |
| Aldeanos / militares | 178 / 216 |
Foco
⚔️ 39.2% · 🌾 60.8%
Spearman ×104 · Knight ×83 · Throwing Axeman ×11 · Fishing Ship ×10 · Bombard Cannon ×6 · Militia ×5
Feudal
12:18
Castillos
23:09
Imperial
47:18
| APM promedio | 55.2 |
| APM pico | 145 |
| eAPM promedio | 26.3 |
| Aldeanos / militares | 172 / 115 |
Foco
⚔️ 42.1% · 🌾 57.9%
Plumed Archer ×53 · Archer ×46 · Mangonel ×6 · Fishing Ship ×6 · Monk ×3 · Battering Ram ×3
Feudal
13:10
Castillos
18:40
Imperial
39:58
| APM promedio | 54.3 |
| APM pico | 100 |
| eAPM promedio | 30.0 |
| Aldeanos / militares | 173 / 330 |
Foco
⚔️ 32.8% · 🌾 67.2%
Archer ×148 · Spearman ×134 · Militia ×27 · Fishing Ship ×18 · Trebuchet (Packed) ×11 · Mangonel ×6
Mapa de la partida
Recursos iniciales + cada clic de construcción. Líneas = muros · curvas = relieve. ◆ oro · ⬟ piedra · ● bayas · ✦ reliquia · ◌ hueco del cierre
Tu base· Abierta — hueco de 11t
Base de tona1410· Abierta — flanco sin cerrar
Base de hypn0s· Abierta — hueco de 3t
Base de ノルフ· Abierta — flanco sin cerrar
Base de malathrock· Abierta — flanco sin cerrar
Base de Versi· Abierta — hueco de 5t
Base de GdR_Johnny Vacanzieri· Abierta — hueco de 3t
Base de 封念云· Abierta — hueco de 3t
Terreno inicial suavizado · ◌ = hueco del cierre detectado · pasá el cursor para detalles
Inputs por minuto
— Frozen Frog - - tona1410
Build order — Frozen Frog
Primeras 150 de 529 acciones detectadas
| 0:04 | Construir | Town Center |
| 0:54 | Construir | House |
| 0:55 | Construir | Dock |
| 2:27 | Crear | Villager (Male) |
| 2:28 | Crear | Villager (Male) |
| 2:28 | Crear | Villager (Male) |
| 2:28 | Crear | Villager (Male) |
| 2:29 | Crear | Villager (Male) |
| 3:52 | Crear | Fishing Ship |
| 3:58 | Crear | Villager (Male) |
| 4:10 | Investigar | Loom |
| 4:22 | Construir | House |
| 4:29 | Crear | Villager (Male) |
| 5:21 | Crear | Villager (Male) |
| 5:41 | Crear | Villager (Male) |
| 5:45 | Crear | Fishing Ship |
| 5:49 | Construir | House |
| 6:18 | Crear | Villager (Male) |
| 7:00 | Crear | Villager (Male) |
| 7:01 | Crear | Fishing Ship |
| 7:20 | Crear | Villager (Male) |
| 7:43 | Crear | Fishing Ship |
| 7:46 | Crear | Villager (Male) |
| 7:46 | Crear | Villager (Male) |
| 8:15 | Construir | House |
| 8:32 | Crear | Villager (Male) |
| 8:33 | Crear | Fishing Ship |
| 8:43 | Crear | Fishing Ship |
| 8:47 | Construir | House |
| 9:07 | Crear | Villager (Male) |
| 9:08 | Crear | Villager (Male) |
| 9:14 | Construir | Mill |
| 9:24 | Crear | Villager (Male) |
| 9:25 | Crear | Fishing Ship |
| 10:19 | Crear | Villager (Male) |
| 10:42 | Investigar | Feudal Age |
| 11:10 | Construir | Mining Camp |
| 11:26 | Construir | Lumber Camp |
| 12:21 | Construir | Dock |
| 12:24 | Construir | House |
| 12:28 | Crear | Villager (Male) |
| 12:28 | Crear | Villager (Male) |
| 12:41 | Construir | House |
| 12:57 | Edad | Edad Feudal |
| 12:59 | Crear | Unit 2626 |
| 13:00 | Crear | Unit 2626 |
| 13:22 | Investigar | Double-Bit Axe |
| 13:26 | Crear | Unit 2626 |
| 13:48 | Construir | House |
| 13:54 | Crear | Villager (Male) |
| 13:54 | Crear | Villager (Male) |
| 13:55 | Crear | Unit 2626 |
| 14:12 | Crear | Galley |
| 14:31 | Construir | House |
| 14:39 | Crear | Unit 2626 |
| 15:06 | Crear | Villager (Male) |
| 15:06 | Crear | Villager (Male) |
| 15:16 | Crear | Galley |
| 15:20 | Construir | House |
| 15:21 | Crear | Villager (Male) |
| 15:24 | Construir | Blacksmith |
| 15:26 | Construir | Lumber Camp |
| 16:07 | Crear | Galley |
| 16:08 | Crear | Galley |
| 16:09 | Crear | Unit 2626 |
| 16:09 | Crear | Villager (Male) |
| 16:27 | Investigar | Fletching |
| 17:19 | Crear | Villager (Male) |
| 17:19 | Crear | Villager (Male) |
| 17:19 | Crear | Villager (Male) |
| 17:28 | Crear | Unit 2626 |
| 17:44 | Crear | Villager (Male) |
| 17:46 | Construir | House |
| 17:51 | Construir | Farm |
| 17:51 | Construir | Farm |
| 17:52 | Construir | Farm |
| 17:52 | Construir | Farm |
| 17:52 | Construir | Farm |
| 17:52 | Construir | Farm |
| 17:53 | Construir | Farm |
| 17:54 | Crear | Villager (Male) |
| 17:58 | Crear | Unit 2626 |
| 18:02 | Crear | Galley |
| 18:03 | Crear | Galley |
| 18:53 | Construir | Watch Tower |
| 18:56 | Construir | Mining Camp |
| 19:56 | Crear | Villager (Male) |
| 19:56 | Crear | Villager (Male) |
| 20:03 | Crear | Unit 2626 |
| 20:04 | Crear | Galley |
| 20:04 | Crear | Galley |
| 21:06 | Construir | House |
| 21:26 | Construir | Fish Trap |
| 21:32 | Crear | Villager (Male) |
| 21:32 | Crear | Villager (Male) |
| 21:37 | Construir | Farm |
| 21:55 | Crear | Galley |
| 22:21 | Crear | Galley |
| 22:53 | Crear | Villager (Male) |
| 22:54 | Crear | Villager (Male) |
| 22:54 | Crear | Villager (Male) |
| 23:23 | Construir | Market |
| 24:11 | Investigar | Castle Age |
| 24:12 | Crear | Villager (Male) |
| 24:38 | Crear | Demolition Raft |
| 24:38 | Crear | Demolition Raft |
| 25:03 | Crear | Demolition Raft |
| 26:00 | Crear | Villager (Male) |
| 26:01 | Crear | Villager (Male) |
| 26:51 | Edad | Edad de los Castillos |
| 27:03 | Construir | Castle |
| 27:04 | Crear | Villager (Male) |
| 27:06 | Construir | Town Center |
| 27:22 | Crear | Villager (Male) |
| 27:22 | Crear | Villager (Male) |
| 27:25 | Investigar | Bodkin Arrow |
| 27:30 | Investigar | Bow Saw |
| 27:30 | Investigar | Horse Collar |
| 27:50 | Crear | Villager (Male) |
| 28:25 | Crear | Villager (Male) |
| 28:25 | Crear | Villager (Male) |
| 28:33 | Construir | Farm |
| 28:35 | Construir | Farm |
| 28:36 | Construir | Farm |
| 28:39 | Construir | Farm |
| 28:40 | Construir | Farm |
| 28:41 | Construir | Farm |
| 28:43 | Construir | Farm |
| 28:52 | Construir | Farm |
| 28:54 | Construir | Farm |
| 28:57 | Construir | Farm |
| 29:02 | Construir | Farm |
| 29:03 | Crear | Villager (Male) |
| 29:11 | Construir | Farm |
| 29:14 | Crear | Villager (Male) |
| 29:14 | Crear | Villager (Male) |
| 29:38 | Construir | Farm |
| 29:52 | Construir | Farm |
| 29:52 | Crear | Villager (Male) |
| 29:52 | Crear | Villager (Male) |
| 29:55 | Crear | Samurai |
| 30:06 | Crear | Villager (Male) |
| 30:37 | Crear | Villager (Male) |
| 30:38 | Crear | Villager (Male) |
| 30:40 | Crear | Villager (Male) |
| 30:57 | Crear | Villager (Male) |
| 30:58 | Crear | Villager (Male) |
| 31:03 | Construir | Castle |
| 31:22 | Construir | Outpost |
| 31:47 | Crear | Villager (Male) |
Build order — tona1410
Primeras 150 de 453 acciones detectadas
| 0:32 | Construir | Town Center |
| 1:54 | Construir | House |
| 2:52 | Crear | Villager (Male) |
| 3:04 | Crear | Villager (Male) |
| 3:04 | Crear | Villager (Male) |
| 3:23 | Crear | Villager (Male) |
| 3:23 | Crear | Villager (Male) |
| 4:33 | Investigar | Loom |
| 4:49 | Construir | Dock |
| 4:53 | Crear | Villager (Male) |
| 5:07 | Construir | House |
| 5:12 | Crear | Villager (Male) |
| 5:38 | Crear | Villager (Male) |
| 6:00 | Crear | Villager (Male) |
| 6:17 | Crear | Villager (Male) |
| 6:59 | Crear | Villager (Male) |
| 7:12 | Construir | House |
| 7:32 | Crear | Villager (Male) |
| 7:51 | Crear | Villager (Male) |
| 8:23 | Crear | Villager (Male) |
| 8:45 | Crear | Villager (Male) |
| 8:58 | Crear | Villager (Male) |
| 9:19 | Construir | Lumber Camp |
| 9:37 | Crear | Villager (Male) |
| 10:07 | Crear | Villager (Male) |
| 10:09 | Construir | House |
| 10:35 | Investigar | Feudal Age |
| 11:39 | Crear | Villager (Male) |
| 12:45 | Edad | Edad Feudal |
| 12:47 | Construir | Mill |
| 12:57 | Crear | Villager (Male) |
| 13:15 | Investigar | Double-Bit Axe |
| 13:20 | Crear | Fishing Ship |
| 13:38 | Crear | Villager (Male) |
| 13:44 | Construir | House |
| 13:47 | Construir | Palisade Wall |
| 13:49 | Construir | Palisade Wall |
| 14:01 | Construir | Palisade Wall |
| 14:02 | Construir | Palisade Wall |
| 14:06 | Crear | Villager (Male) |
| 14:25 | Construir | Market |
| 14:29 | Construir | Barracks |
| 14:32 | Crear | Villager (Male) |
| 14:45 | Construir | Mill |
| 14:53 | Crear | Villager (Male) |
| 15:10 | Construir | House |
| 15:22 | Construir | House |
| 15:24 | Construir | House |
| 15:27 | Construir | House |
| 15:30 | Crear | Villager (Male) |
| 15:53 | Construir | Watch Tower |
| 16:04 | Crear | Villager (Male) |
| 16:36 | Construir | House |
| 16:39 | Construir | House |
| 16:42 | Construir | House |
| 16:47 | Investigar | Wheelbarrow |
| 16:54 | Crear | Fishing Ship |
| 17:18 | Crear | Villager (Male) |
| 17:30 | Construir | Lumber Camp |
| 17:36 | Crear | Fishing Ship |
| 17:47 | Construir | Farm |
| 18:05 | Construir | Farm |
| 18:09 | Construir | Farm |
| 18:16 | Crear | Villager (Male) |
| 18:42 | Crear | Villager (Male) |
| 18:52 | Construir | House |
| 19:41 | Construir | Archery Range |
| 20:14 | Crear | Villager (Male) |
| 20:21 | Construir | Archery Range |
| 20:33 | Investigar | Castle Age |
| 20:33 | Investigar | Castle Age |
| 21:11 | Construir | Mining Camp |
| 21:53 | Crear | Fishing Ship |
| 23:15 | Edad | Edad de los Castillos |
| 23:15 | Construir | Palisade Wall |
| 23:21 | Construir | Town Center |
| 23:29 | Crear | Villager (Male) |
| 23:56 | Crear | Villager (Male) |
| 24:19 | Crear | Villager (Male) |
| 24:37 | Crear | Villager (Male) |
| 24:37 | Investigar | Bow Saw |
| 24:51 | Crear | Archer |
| 24:51 | Crear | Archer |
| 25:05 | Crear | Villager (Male) |
| 25:05 | Crear | Villager (Male) |
| 25:22 | Crear | Skirmisher |
| 25:23 | Crear | Skirmisher |
| 25:28 | Crear | Villager (Male) |
| 25:31 | Construir | Blacksmith |
| 25:42 | Crear | Villager (Male) |
| 25:53 | Crear | Skirmisher |
| 25:53 | Crear | Skirmisher |
| 26:01 | Crear | Villager (Male) |
| 26:23 | Crear | Villager (Male) |
| 26:23 | Crear | Villager (Male) |
| 26:26 | Construir | Siege Workshop |
| 26:43 | Crear | Villager (Male) |
| 26:48 | Crear | Villager (Male) |
| 27:00 | Crear | Villager (Male) |
| 27:07 | Investigar | Elite Skirmisher (upgrade) |
| 27:09 | Investigar | Fletching |
| 27:16 | Crear | Scorpion |
| 27:19 | Crear | Villager (Male) |
| 27:26 | Construir | Castle |
| 27:41 | Crear | Villager (Male) |
| 28:11 | Crear | Villager (Male) |
| 28:39 | Crear | Villager (Male) |
| 28:39 | Crear | Villager (Male) |
| 28:43 | Construir | Lumber Camp |
| 29:05 | Crear | Skirmisher |
| 29:05 | Crear | Skirmisher |
| 29:19 | Crear | Fishing Ship |
| 29:33 | Crear | Villager (Male) |
| 30:01 | Crear | Villager (Male) |
| 30:12 | Crear | Skirmisher |
| 30:19 | Crear | Villager (Male) |
| 30:29 | Construir | Farm |
| 30:30 | Construir | Farm |
| 30:30 | Construir | Farm |
| 30:30 | Construir | Farm |
| 30:30 | Construir | Farm |
| 30:31 | Construir | Farm |
| 30:37 | Crear | Mangonel |
| 30:39 | Crear | Villager (Male) |
| 31:07 | Construir | Palisade Wall |
| 31:13 | Crear | Skirmisher |
| 31:13 | Crear | Skirmisher |
| 31:15 | Construir | Palisade Wall |
| 31:28 | Construir | Castle |
| 31:34 | Crear | Skirmisher |
| 31:34 | Crear | Skirmisher |
| 31:43 | Crear | Skirmisher |
| 31:44 | Crear | Skirmisher |
| 31:45 | Crear | Villager (Male) |
| 31:45 | Crear | Villager (Male) |
| 31:45 | Crear | Villager (Male) |
| 31:53 | Construir | Town Center |
| 32:18 | Crear | Skirmisher |
| 32:19 | Crear | Skirmisher |
| 32:33 | Crear | Villager (Male) |
| 32:33 | Crear | Villager (Male) |
| 32:48 | Crear | Skirmisher |
| 33:04 | Crear | Skirmisher |
| 33:04 | Crear | Skirmisher |
| 33:05 | Crear | Organ Gun |
| 33:05 | Crear | Organ Gun |
| 33:31 | Crear | Villager (Male) |
| 33:45 | Construir | Mill |
| 33:59 | Crear | Mangonel |
| 34:01 | Crear | Villager (Male) |
Build order — hypn0s
Primeras 150 de 734 acciones detectadas
| 0:10 | Construir | House |
| 1:02 | Construir | Town Center |
| 2:00 | Construir | Dock |
| 3:37 | Crear | Villager (Male) |
| 3:38 | Investigar | Loom |
| 3:39 | Crear | Villager (Male) |
| 3:39 | Crear | Villager (Male) |
| 3:39 | Crear | Villager (Male) |
| 4:53 | Crear | Villager (Male) |
| 4:53 | Crear | Villager (Male) |
| 5:12 | Crear | Fishing Ship |
| 5:51 | Crear | Villager (Male) |
| 5:55 | Construir | House |
| 6:06 | Crear | Villager (Male) |
| 6:48 | Crear | Villager (Male) |
| 6:48 | Crear | Villager (Male) |
| 7:06 | Construir | House |
| 7:10 | Crear | Villager (Male) |
| 7:18 | Crear | Villager (Male) |
| 7:26 | Crear | Fishing Ship |
| 7:26 | Crear | Fishing Ship |
| 8:00 | Crear | Fishing Ship |
| 8:17 | Crear | Villager (Male) |
| 8:17 | Crear | Villager (Male) |
| 8:17 | Crear | Villager (Male) |
| 8:24 | Crear | Fishing Ship |
| 8:30 | Crear | Villager (Male) |
| 8:30 | Crear | Villager (Male) |
| 8:43 | Crear | Villager (Male) |
| 9:00 | Construir | Mill |
| 9:10 | Crear | Villager (Male) |
| 9:38 | Construir | House |
| 9:47 | Construir | House |
| 9:49 | Crear | Villager (Male) |
| 10:04 | Construir | Mill |
| 10:12 | Crear | Villager (Male) |
| 10:28 | Crear | Villager (Male) |
| 10:40 | Crear | Fishing Ship |
| 10:47 | Crear | Villager (Male) |
| 11:15 | Crear | Fishing Ship |
| 11:26 | Construir | Mining Camp |
| 12:14 | Investigar | Feudal Age |
| 13:51 | Construir | House |
| 14:02 | Crear | Villager (Male) |
| 14:03 | Crear | Villager (Male) |
| 14:24 | Edad | Edad Feudal |
| 14:29 | Construir | Market |
| 14:31 | Construir | Blacksmith |
| 15:07 | Crear | Villager (Male) |
| 15:10 | Construir | Mining Camp |
| 15:36 | Investigar | Castle Age |
| 16:09 | Crear | Galley |
| 16:22 | Investigar | Fletching |
| 16:30 | Crear | Galley |
| 16:57 | Crear | Villager (Male) |
| 17:10 | Crear | Galley |
| 17:50 | Crear | Villager (Male) |
| 17:58 | Construir | House |
| 18:02 | Crear | Galley |
| 18:04 | Crear | Villager (Male) |
| 18:19 | Edad | Edad de los Castillos |
| 18:23 | Crear | Villager (Male) |
| 18:51 | Crear | Villager (Male) |
| 18:54 | Investigar | Bodkin Arrow |
| 18:55 | Crear | Villager (Male) |
| 19:13 | Crear | Villager (Male) |
| 19:14 | Crear | Villager (Male) |
| 19:40 | Construir | Castle |
| 19:50 | Crear | Villager (Male) |
| 20:11 | Crear | Villager (Male) |
| 20:16 | Construir | House |
| 20:17 | Construir | House |
| 21:05 | Construir | Mining Camp |
| 21:06 | Crear | Villager (Male) |
| 21:16 | Crear | Villager (Male) |
| 21:23 | Construir | Town Center |
| 21:33 | Crear | Villager (Male) |
| 21:33 | Crear | Villager (Male) |
| 21:35 | Construir | Town Center |
| 22:04 | Crear | Villager (Male) |
| 22:26 | Crear | Villager (Male) |
| 22:26 | Crear | Villager (Male) |
| 22:33 | Investigar | War Galley (upgrade) |
| 22:53 | Crear | Villager (Male) |
| 23:16 | Crear | Villager (Male) |
| 23:18 | Crear | Villager (Male) |
| 23:25 | Crear | Villager (Male) |
| 23:40 | Crear | Villager (Male) |
| 23:40 | Crear | Villager (Male) |
| 23:40 | Crear | Villager (Male) |
| 24:03 | Crear | Villager (Male) |
| 24:04 | Crear | Villager (Male) |
| 24:12 | Crear | Villager (Male) |
| 24:34 | Investigar | Horse Collar |
| 24:49 | Crear | Villager (Male) |
| 24:56 | Crear | Villager (Male) |
| 24:57 | Crear | Villager (Male) |
| 24:57 | Crear | Villager (Male) |
| 24:59 | Construir | Farm |
| 25:00 | Construir | Farm |
| 25:00 | Construir | Farm |
| 25:00 | Construir | Farm |
| 25:00 | Construir | Farm |
| 25:01 | Construir | Farm |
| 25:01 | Construir | Farm |
| 25:01 | Construir | Farm |
| 25:04 | Crear | Villager (Male) |
| 25:48 | Crear | Villager (Male) |
| 26:02 | Crear | Villager (Male) |
| 26:02 | Crear | Villager (Male) |
| 26:45 | Construir | Castle |
| 26:48 | Crear | Mameluke |
| 26:48 | Crear | Mameluke |
| 26:48 | Crear | Mameluke |
| 27:08 | Crear | Villager (Male) |
| 27:08 | Crear | Villager (Male) |
| 27:08 | Crear | Villager (Male) |
| 27:08 | Crear | Villager (Male) |
| 27:47 | Crear | Villager (Male) |
| 27:47 | Crear | Villager (Male) |
| 27:47 | Crear | Villager (Male) |
| 28:11 | Crear | Villager (Male) |
| 28:11 | Crear | Villager (Male) |
| 28:26 | Construir | Castle |
| 28:34 | Crear | Villager (Male) |
| 28:36 | Crear | Villager (Male) |
| 28:36 | Crear | Villager (Male) |
| 28:44 | Construir | Dock |
| 28:48 | Construir | Dock |
| 28:50 | Crear | Fishing Ship |
| 28:52 | Crear | Fishing Ship |
| 28:52 | Crear | Fishing Ship |
| 28:56 | Crear | Villager (Male) |
| 28:57 | Crear | Villager (Male) |
| 28:59 | Construir | Farm |
| 29:00 | Construir | Farm |
| 29:00 | Construir | Farm |
| 29:00 | Construir | Farm |
| 29:01 | Construir | Farm |
| 29:01 | Construir | Farm |
| 29:01 | Construir | Farm |
| 29:19 | Construir | Stone Wall |
| 29:24 | Crear | Villager (Male) |
| 29:39 | Investigar | Scale Barding Armor |
| 29:47 | Crear | Villager (Male) |
| 29:48 | Crear | Villager (Male) |
| 29:59 | Crear | Villager (Male) |
| 30:00 | Crear | Villager (Male) |
| 30:02 | Crear | Villager (Male) |
| 30:06 | Construir | Monastery |
Build order — ノルフ
Primeras 150 de 499 acciones detectadas
| 0:05 | Construir | Dock |
| 0:30 | Construir | Town Center |
| 0:36 | Construir | House |
| 2:40 | Crear | Villager (Male) |
| 2:41 | Crear | Villager (Male) |
| 2:41 | Crear | Villager (Male) |
| 2:41 | Crear | Villager (Male) |
| 2:41 | Crear | Villager (Male) |
| 3:26 | Crear | Villager (Male) |
| 3:47 | Crear | Fishing Ship |
| 4:45 | Crear | Villager (Male) |
| 4:47 | Crear | Fishing Ship |
| 4:54 | Construir | House |
| 5:01 | Investigar | Loom |
| 5:25 | Crear | Villager (Male) |
| 5:28 | Crear | Fishing Ship |
| 5:50 | Crear | Villager (Male) |
| 6:10 | Crear | Villager (Male) |
| 6:25 | Crear | Villager (Male) |
| 6:28 | Construir | Palisade Wall |
| 6:29 | Construir | Palisade Wall |
| 6:32 | Construir | Palisade Wall |
| 7:04 | Construir | Settlement |
| 7:25 | Crear | Villager (Male) |
| 7:45 | Crear | Villager (Male) |
| 8:03 | Crear | Fishing Ship |
| 8:06 | Construir | House |
| 8:08 | Crear | Villager (Male) |
| 8:25 | Crear | Villager (Male) |
| 8:30 | Crear | Villager (Male) |
| 8:36 | Crear | Fishing Ship |
| 9:06 | Crear | Fishing Ship |
| 9:19 | Construir | House |
| 9:34 | Crear | Villager (Male) |
| 9:47 | Crear | Villager (Male) |
| 9:53 | Crear | Fishing Ship |
| 10:22 | Crear | Villager (Male) |
| 10:26 | Crear | Fishing Ship |
| 10:48 | Investigar | Feudal Age |
| 11:25 | Construir | House |
| 11:29 | Construir | House |
| 11:37 | Construir | Dock |
| 12:45 | Crear | Villager (Male) |
| 12:49 | Construir | House |
| 12:51 | Construir | House |
| 12:54 | Construir | Palisade Gate |
| 13:04 | Edad | Edad Feudal |
| 13:07 | Crear | Unit 2626 |
| 13:07 | Crear | Unit 2626 |
| 13:10 | Investigar | Double-Bit Axe |
| 13:18 | Construir | Market |
| 13:23 | Crear | Villager (Male) |
| 13:36 | Crear | Unit 2626 |
| 13:37 | Crear | Villager (Male) |
| 13:55 | Crear | Unit 2626 |
| 13:55 | Crear | Unit 2626 |
| 14:15 | Crear | Villager (Male) |
| 14:39 | Crear | Galley |
| 14:39 | Crear | Galley |
| 14:45 | Crear | Villager (Male) |
| 14:46 | Crear | Villager (Male) |
| 14:56 | Crear | Villager (Male) |
| 15:19 | Crear | Villager (Male) |
| 15:22 | Crear | Galley |
| 15:22 | Crear | Galley |
| 15:37 | Crear | Villager (Male) |
| 15:50 | Construir | Blacksmith |
| 16:06 | Crear | Fire Galley |
| 16:07 | Crear | Fire Galley |
| 16:13 | Crear | Galley |
| 16:14 | Crear | Galley |
| 16:17 | Crear | Villager (Male) |
| 16:29 | Construir | House |
| 16:35 | Construir | House |
| 16:36 | Construir | House |
| 16:38 | Crear | Trade Cart |
| 16:43 | Investigar | Fletching |
| 17:18 | Crear | Villager (Male) |
| 17:24 | Crear | Villager (Male) |
| 17:46 | Crear | Fire Galley |
| 17:46 | Crear | Fire Galley |
| 17:47 | Crear | Villager (Male) |
| 17:53 | Construir | Farm |
| 17:54 | Crear | Villager (Male) |
| 18:08 | Crear | Villager (Male) |
| 18:17 | Crear | Villager (Male) |
| 18:40 | Crear | Galley |
| 18:40 | Crear | Galley |
| 18:45 | Construir | House |
| 18:46 | Construir | House |
| 18:49 | Construir | Farm |
| 18:49 | Construir | Farm |
| 18:52 | Investigar | Horse Collar |
| 19:00 | Crear | Galley |
| 19:00 | Crear | Galley |
| 19:46 | Crear | Galley |
| 19:46 | Crear | Galley |
| 20:47 | Crear | Fire Galley |
| 20:47 | Crear | Fire Galley |
| 20:56 | Investigar | Castle Age |
| 21:09 | Construir | Dock |
| 21:25 | Crear | Villager (Male) |
| 21:30 | Construir | Settlement |
| 21:34 | Crear | Villager (Male) |
| 21:41 | Construir | Barracks |
| 21:53 | Crear | Villager (Male) |
| 22:08 | Crear | Galley |
| 22:08 | Crear | Galley |
| 22:08 | Crear | Galley |
| 22:13 | Investigar | Gold Mining |
| 22:43 | Crear | Galley |
| 22:43 | Crear | Galley |
| 22:44 | Crear | Galley |
| 22:49 | Crear | Villager (Male) |
| 23:07 | Construir | Archery Range |
| 23:11 | Crear | Villager (Male) |
| 23:35 | Crear | Fire Galley |
| 23:35 | Crear | Fire Galley |
| 23:35 | Crear | Fire Galley |
| 23:36 | Edad | Edad de los Castillos |
| 23:54 | Investigar | War Galley (upgrade) |
| 23:54 | Investigar | War Galley (upgrade) |
| 24:01 | Crear | Villager (Male) |
| 24:01 | Crear | Villager (Male) |
| 24:02 | Crear | Villager (Male) |
| 24:07 | Investigar | Bodkin Arrow |
| 24:13 | Construir | Town Center |
| 24:34 | Crear | Villager (Male) |
| 24:40 | Crear | Fire Galley |
| 24:41 | Crear | Fire Galley |
| 25:00 | Crear | Villager (Male) |
| 25:16 | Construir | Town Center |
| 25:32 | Investigar | Bow Saw |
| 25:48 | Construir | Dock |
| 26:03 | Crear | Galley |
| 26:03 | Crear | Galley |
| 26:03 | Crear | Galley |
| 26:18 | Crear | Villager (Male) |
| 26:19 | Crear | Villager (Male) |
| 26:35 | Crear | Villager (Male) |
| 26:35 | Crear | Villager (Male) |
| 26:39 | Crear | Villager (Male) |
| 26:40 | Crear | Villager (Male) |
| 26:40 | Crear | Villager (Male) |
| 26:54 | Crear | Fire Galley |
| 26:54 | Crear | Fire Galley |
| 26:55 | Crear | Fire Galley |
| 26:55 | Crear | Fire Galley |
| 27:00 | Crear | Villager (Male) |
| 27:01 | Crear | Villager (Male) |
Build order — malathrock
Primeras 150 de 466 acciones detectadas
| 0:14 | Construir | Town Center |
| 0:32 | Construir | Dock |
| 0:34 | Construir | House |
| 2:39 | Crear | Villager (Male) ×4 |
| 3:41 | Crear | Fishing Ship |
| 3:44 | Investigar | Loom |
| 3:54 | Crear | Villager (Male) |
| 3:55 | Crear | Villager (Male) |
| 4:15 | Construir | House |
| 5:10 | Crear | Fishing Ship |
| 5:17 | Crear | Villager (Male) |
| 5:30 | Construir | House |
| 6:03 | Crear | Villager (Male) |
| 6:03 | Crear | Villager (Male) |
| 6:11 | Crear | Fishing Ship |
| 6:26 | Crear | Villager (Male) |
| 6:51 | Crear | Fishing Ship |
| 6:52 | Crear | Villager (Male) |
| 6:52 | Crear | Villager (Male) |
| 7:34 | Crear | Fishing Ship |
| 7:42 | Crear | Villager (Male) |
| 7:50 | Construir | House |
| 8:05 | Crear | Villager (Male) |
| 8:22 | Crear | Fishing Ship |
| 8:34 | Crear | Villager (Male) |
| 8:59 | Crear | Villager (Male) |
| 9:10 | Construir | Mill |
| 9:25 | Crear | Villager (Male) |
| 9:34 | Construir | House |
| 10:05 | Investigar | Feudal Age |
| 11:25 | Construir | House |
| 11:30 | Crear | Villager (Male) |
| 11:30 | Crear | Villager (Male) |
| 11:50 | Construir | Outpost |
| 12:15 | Edad | Edad Feudal |
| 12:22 | Construir | Market |
| 12:45 | Construir | Mining Camp |
| 13:04 | Crear | Villager (Male) |
| 13:04 | Crear | Villager (Male) |
| 13:04 | Crear | Villager (Male) |
| 13:39 | Construir | Blacksmith |
| 13:49 | Crear | Villager (Male) |
| 14:24 | Investigar | Castle Age |
| 14:30 | Construir | Outpost |
| 14:43 | Investigar | Stone Mining |
| 15:29 | Investigar | Fletching |
| 15:50 | Construir | House |
| 17:01 | Investigar | Town Watch |
| 17:02 | Crear | Villager (Male) ×5 |
| 17:04 | Edad | Edad de los Castillos |
| 17:14 | Construir | Castle |
| 18:21 | Construir | Palisade Wall |
| 18:23 | Construir | Palisade Wall |
| 18:44 | Investigar | Bodkin Arrow |
| 19:04 | Construir | Town Center |
| 19:09 | Construir | Mill |
| 19:42 | Crear | Villager (Male) |
| 19:43 | Crear | Villager (Male) |
| 20:06 | Investigar | Horse Collar |
| 20:25 | Crear | Villager (Male) |
| 20:30 | Crear | Villager (Male) |
| 20:30 | Crear | Villager (Male) |
| 20:34 | Construir | Farm |
| 20:36 | Construir | Farm |
| 20:47 | Crear | Villager (Male) |
| 21:02 | Construir | Farm |
| 21:05 | Construir | Farm |
| 21:07 | Construir | Farm |
| 21:22 | Crear | Villager (Male) |
| 21:26 | Crear | Villager (Male) |
| 21:44 | Crear | Villager (Male) |
| 21:44 | Crear | Villager (Male) |
| 21:50 | Investigar | Wheelbarrow |
| 22:07 | Construir | Town Center |
| 22:11 | Crear | Villager (Male) |
| 22:14 | Construir | Farm |
| 22:45 | Crear | Villager (Male) |
| 22:46 | Crear | Villager (Male) |
| 22:58 | Construir | Farm |
| 23:00 | Construir | Farm |
| 23:05 | Construir | Farm |
| 23:26 | Crear | Villager (Male) |
| 23:26 | Crear | Villager (Male) |
| 23:48 | Crear | Villager (Male) |
| 23:52 | Crear | Villager (Male) |
| 23:52 | Crear | Villager (Male) |
| 23:57 | Construir | Siege Workshop |
| 24:09 | Crear | Villager (Male) |
| 24:09 | Crear | Villager (Male) |
| 24:36 | Construir | Town Center |
| 24:41 | Crear | Villager (Male) |
| 24:56 | Crear | Villager (Male) |
| 24:56 | Crear | Villager (Male) |
| 24:56 | Crear | Villager (Male) |
| 24:56 | Crear | Villager (Male) |
| 24:57 | Crear | Villager (Male) |
| 24:57 | Crear | Villager (Male) |
| 24:57 | Crear | Villager (Male) |
| 25:05 | Crear | Mangonel |
| 25:14 | Construir | Farm |
| 25:48 | Crear | Mangonel |
| 25:49 | Crear | Villager (Male) |
| 25:49 | Crear | Villager (Male) |
| 25:50 | Crear | Villager (Male) |
| 25:50 | Crear | Villager (Male) |
| 25:50 | Crear | Villager (Male) |
| 25:50 | Crear | Villager (Male) |
| 26:18 | Crear | Villager (Male) |
| 26:18 | Crear | Villager (Male) |
| 26:19 | Crear | Villager (Male) |
| 26:36 | Construir | Farm |
| 26:37 | Construir | Farm |
| 26:38 | Construir | Farm |
| 26:39 | Construir | Farm |
| 26:53 | Construir | House |
| 26:56 | Construir | House |
| 26:56 | Construir | House |
| 26:56 | Construir | House |
| 26:57 | Construir | House |
| 27:06 | Crear | Villager (Male) |
| 27:06 | Crear | Villager (Male) |
| 27:06 | Crear | Villager (Male) |
| 27:07 | Crear | Villager (Male) |
| 27:07 | Crear | Villager (Male) |
| 27:07 | Crear | Villager (Male) |
| 27:07 | Crear | Villager (Male) |
| 27:12 | Construir | Farm |
| 27:15 | Construir | Farm |
| 27:31 | Crear | Villager (Male) |
| 27:31 | Crear | Villager (Male) |
| 27:31 | Crear | Villager (Male) |
| 27:32 | Crear | Villager (Male) |
| 27:39 | Construir | Farm |
| 27:59 | Construir | Monastery |
| 28:07 | Construir | Barracks |
| 28:10 | Construir | House |
| 28:11 | Construir | House |
| 28:12 | Construir | House |
| 28:13 | Construir | House |
| 28:19 | Construir | Lumber Camp |
| 28:36 | Investigar | Imperial Age |
| 29:24 | Investigar | Scale Barding Armor |
| 29:36 | Investigar | Hand Cart |
| 29:41 | Construir | Stable |
| 29:43 | Construir | Stable |
| 29:46 | Construir | Stable |
| 29:50 | Construir | Stable |
| 30:01 | Construir | Farm |
| 30:02 | Construir | Farm |
| 30:05 | Crear | Villager (Male) ×5 |
Build order — Versi
Primeras 150 de 621 acciones detectadas
| 0:27 | Construir | Town Center |
| 1:13 | Construir | Dock |
| 1:19 | Construir | House |
| 1:28 | Construir | Palisade Wall |
| 1:30 | Construir | Palisade Wall |
| 1:32 | Construir | Palisade Wall |
| 2:57 | Crear | Villager (Male) |
| 2:57 | Crear | Villager (Male) |
| 2:57 | Crear | Villager (Male) |
| 2:57 | Crear | Villager (Male) |
| 2:58 | Crear | Villager (Male) |
| 4:10 | Crear | Fishing Ship |
| 4:36 | Crear | Villager (Male) |
| 4:45 | Construir | House |
| 5:13 | Crear | Villager (Male) |
| 5:42 | Crear | Villager (Male) |
| 6:01 | Crear | Villager (Male) |
| 6:20 | Crear | Villager (Male) |
| 6:24 | Crear | Fishing Ship |
| 6:46 | Crear | Villager (Male) |
| 6:46 | Crear | Villager (Male) |
| 6:51 | Construir | House |
| 7:01 | Crear | Villager (Male) |
| 7:32 | Crear | Villager (Male) |
| 7:32 | Crear | Villager (Male) |
| 7:32 | Crear | Villager (Male) |
| 7:36 | Crear | Fishing Ship |
| 8:00 | Construir | House |
| 8:07 | Crear | Villager (Male) |
| 8:39 | Crear | Villager (Male) |
| 8:56 | Crear | Villager (Male) |
| 9:02 | Construir | Mining Camp |
| 9:29 | Crear | Fishing Ship |
| 9:39 | Crear | Villager (Male) |
| 10:09 | Crear | Villager (Male) |
| 10:14 | Investigar | Loom |
| 10:29 | Investigar | Feudal Age |
| 10:52 | Construir | House |
| 10:57 | Construir | Palisade Wall |
| 11:29 | Construir | Dock |
| 11:33 | Crear | Fishing Ship |
| 11:34 | Crear | Fishing Ship |
| 11:44 | Crear | Villager (Male) |
| 11:58 | Construir | House |
| 12:07 | Construir | Lumber Camp |
| 12:52 | Construir | Dock |
| 13:12 | Edad | Edad Feudal |
| 13:16 | Investigar | Double-Bit Axe |
| 13:26 | Crear | Unit 2626 |
| 13:26 | Crear | Unit 2626 |
| 13:30 | Crear | Villager (Male) |
| 13:47 | Crear | Villager (Male) |
| 14:00 | Investigar | Gold Mining |
| 14:06 | Crear | Villager (Male) |
| 14:15 | Construir | Blacksmith |
| 14:26 | Construir | Mill |
| 14:29 | Crear | Villager (Male) |
| 14:56 | Crear | Fishing Ship |
| 14:56 | Crear | Fishing Ship |
| 15:08 | Construir | House |
| 15:20 | Investigar | Forging |
| 15:25 | Construir | House |
| 15:42 | Crear | Fishing Ship |
| 15:43 | Crear | Fishing Ship |
| 15:45 | Crear | Villager (Male) |
| 15:46 | Crear | Villager (Male) |
| 15:55 | Construir | Market |
| 16:01 | Construir | House |
| 16:13 | Construir | House |
| 16:23 | Crear | Villager (Male) |
| 17:02 | Crear | Villager (Male) |
| 17:17 | Construir | House |
| 17:19 | Construir | House |
| 17:21 | Construir | House |
| 17:23 | Crear | Villager (Male) |
| 17:40 | Construir | House |
| 17:45 | Construir | House |
| 17:57 | Construir | Gate |
| 18:09 | Construir | House |
| 18:16 | Construir | House |
| 18:21 | Crear | Villager (Male) |
| 18:37 | Investigar | Castle Age |
| 18:48 | Construir | House |
| 18:57 | Construir | Lumber Camp |
| 19:40 | Construir | Mining Camp |
| 20:18 | Investigar | Stone Mining |
| 21:18 | Crear | Villager (Male) |
| 21:18 | Crear | Villager (Male) |
| 21:26 | Edad | Edad de los Castillos |
| 21:37 | Crear | Villager (Male) |
| 21:46 | Construir | Town Center |
| 21:55 | Crear | Villager (Male) |
| 22:02 | Construir | Castle |
| 22:12 | Investigar | Bow Saw |
| 22:39 | Crear | Villager (Male) |
| 22:39 | Crear | Villager (Male) |
| 22:45 | Construir | Farm |
| 22:46 | Construir | Farm |
| 22:57 | Construir | Mill |
| 23:05 | Crear | Villager (Male) |
| 23:27 | Construir | Siege Workshop |
| 23:31 | Crear | Villager (Male) |
| 23:58 | Crear | Mangonel |
| 24:03 | Crear | Villager (Male) |
| 24:06 | Crear | Villager (Male) |
| 24:14 | Construir | Farm |
| 24:15 | Construir | Farm |
| 24:29 | Crear | Villager (Male) |
| 24:46 | Crear | Villager (Male) |
| 24:52 | Construir | Farm |
| 25:01 | Construir | Farm |
| 25:10 | Crear | Villager (Male) |
| 26:01 | Construir | Farm |
| 26:02 | Construir | Farm |
| 26:04 | Construir | Farm |
| 26:05 | Construir | Farm |
| 26:06 | Construir | Farm |
| 26:08 | Construir | Mill |
| 26:10 | Crear | Villager (Male) |
| 26:24 | Investigar | Wheelbarrow |
| 26:26 | Crear | Villager (Male) |
| 26:55 | Crear | Villager (Male) |
| 27:15 | Construir | Market |
| 27:17 | Crear | Villager (Male) |
| 27:38 | Crear | Mangonel |
| 27:43 | Crear | Villager (Male) |
| 27:43 | Crear | Villager (Male) |
| 28:15 | Crear | Villager (Male) |
| 29:14 | Investigar | Imperial Age |
| 29:36 | Construir | Castle |
| 29:40 | Crear | Villager (Male) |
| 30:00 | Crear | Throwing Axeman |
| 30:00 | Crear | Throwing Axeman |
| 30:03 | Investigar | Scale Mail Armor |
| 30:07 | Crear | Villager (Male) |
| 30:45 | Crear | Villager (Male) |
| 30:46 | Crear | Villager (Male) |
| 30:53 | Construir | University |
| 32:39 | Edad | Edad Imperial |
| 32:42 | Construir | Castle |
| 32:46 | Crear | Trebuchet (Packed) |
| 32:50 | Crear | Trebuchet (Packed) |
| 32:55 | Investigar | Chemistry |
| 32:57 | Crear | Villager (Male) |
| 33:00 | Crear | Villager (Male) |
| 33:00 | Crear | Villager (Male) |
| 33:00 | Crear | Villager (Male) |
| 33:00 | Crear | Villager (Male) |
| 33:01 | Crear | Villager (Male) |
| 33:01 | Crear | Villager (Male) |
Build order — GdR_Johnny Vacanzieri
Primeras 150 de 497 acciones detectadas
| 0:07 | Construir | Town Center |
| 1:19 | Construir | Dock |
| 1:20 | Construir | House |
| 2:26 | Crear | Villager (Male) |
| 2:26 | Crear | Villager (Male) |
| 2:27 | Crear | Villager (Male) |
| 2:27 | Crear | Villager (Male) |
| 2:27 | Crear | Villager (Male) |
| 2:27 | Crear | Villager (Male) |
| 3:45 | Investigar | Loom |
| 3:48 | Crear | Fishing Ship |
| 3:48 | Crear | Fishing Ship |
| 4:08 | Crear | Villager (Male) |
| 4:08 | Crear | Villager (Male) |
| 4:09 | Crear | Villager (Male) |
| 4:12 | Construir | House |
| 4:40 | Crear | Villager (Male) |
| 4:40 | Crear | Villager (Male) |
| 4:41 | Crear | Villager (Male) |
| 4:46 | Construir | Palisade Wall |
| 4:48 | Construir | Palisade Wall |
| 4:59 | Crear | Fishing Ship |
| 5:03 | Crear | Villager (Male) |
| 5:03 | Crear | Villager (Male) |
| 5:24 | Crear | Villager (Male) |
| 5:24 | Crear | Villager (Male) |
| 5:24 | Crear | Villager (Male) |
| 5:29 | Construir | House |
| 5:54 | Crear | Villager (Male) |
| 5:54 | Crear | Villager (Male) |
| 6:13 | Crear | Villager (Male) |
| 6:31 | Crear | Villager (Male) |
| 6:31 | Crear | Villager (Male) |
| 6:32 | Crear | Fishing Ship |
| 6:52 | Construir | House |
| 7:13 | Crear | Villager (Male) |
| 7:14 | Crear | Villager (Male) |
| 7:29 | Crear | Villager (Male) |
| 7:29 | Crear | Villager (Male) |
| 7:31 | Construir | House |
| 7:54 | Crear | Fishing Ship |
| 8:14 | Crear | Villager (Male) |
| 8:15 | Crear | Fishing Ship |
| 8:36 | Crear | Villager (Male) |
| 8:50 | Crear | Villager (Male) |
| 8:50 | Crear | Villager (Male) |
| 8:58 | Construir | Mining Camp |
| 9:32 | Construir | Lumber Camp |
| 10:06 | Investigar | Feudal Age |
| 10:06 | Investigar | Feudal Age |
| 10:07 | Investigar | Feudal Age |
| 10:33 | Construir | House |
| 10:54 | Construir | Palisade Wall |
| 10:56 | Construir | Palisade Wall |
| 11:07 | Construir | Barracks |
| 11:10 | Crear | Villager (Male) |
| 12:18 | Edad | Edad Feudal |
| 12:20 | Construir | Archery Range |
| 12:23 | Construir | Watch Tower |
| 12:30 | Construir | Stone Wall |
| 12:33 | Construir | Mill |
| 12:37 | Construir | House |
| 12:39 | Crear | Villager (Male) |
| 12:46 | Construir | Blacksmith |
| 13:09 | Crear | Archer |
| 13:10 | Crear | Archer |
| 13:20 | Crear | Villager (Male) |
| 13:30 | Crear | Villager (Male) |
| 13:43 | Construir | Market |
| 13:46 | Crear | Villager (Male) |
| 13:47 | Crear | Archer |
| 13:51 | Investigar | Padded Archer Armor |
| 14:19 | Crear | Archer |
| 14:29 | Investigar | Fletching |
| 14:39 | Crear | Villager (Male) |
| 14:39 | Crear | Villager (Male) |
| 14:51 | Investigar | Double-Bit Axe |
| 15:04 | Construir | House |
| 15:04 | Construir | House |
| 15:05 | Construir | House |
| 15:07 | Construir | House |
| 15:18 | Crear | Archer |
| 15:18 | Crear | Archer |
| 15:28 | Crear | Villager (Male) |
| 15:28 | Crear | Villager (Male) |
| 15:39 | Crear | Archer |
| 15:40 | Crear | Villager (Male) |
| 15:55 | Crear | Villager (Male) |
| 16:00 | Construir | Archery Range |
| 16:03 | Crear | Archer |
| 16:31 | Crear | Archer |
| 16:32 | Crear | Archer |
| 16:33 | Crear | Villager (Male) |
| 16:36 | Crear | Villager (Male) |
| 16:43 | Construir | House |
| 16:44 | Construir | House |
| 16:45 | Construir | House |
| 16:53 | Crear | Unit 2626 |
| 17:00 | Construir | Lumber Camp |
| 17:10 | Crear | Villager (Male) |
| 17:10 | Crear | Villager (Male) |
| 17:12 | Construir | Farm |
| 17:14 | Construir | Farm |
| 17:16 | Crear | Archer |
| 17:17 | Crear | Archer |
| 17:32 | Crear | Archer |
| 17:32 | Crear | Archer |
| 17:47 | Crear | Villager (Male) |
| 17:50 | Crear | Villager (Male) |
| 17:52 | Investigar | Gold Mining |
| 18:01 | Crear | Archer |
| 18:09 | Crear | Archer |
| 18:10 | Crear | Villager (Male) |
| 18:11 | Crear | Archer |
| 18:11 | Crear | Archer |
| 18:11 | Crear | Villager (Male) |
| 19:10 | Crear | Archer |
| 19:23 | Construir | Farm |
| 19:25 | Construir | Farm |
| 19:29 | Investigar | Horse Collar |
| 19:46 | Construir | Farm |
| 19:49 | Construir | Farm |
| 19:51 | Construir | Farm |
| 20:06 | Crear | Archer |
| 20:07 | Crear | Archer |
| 20:18 | Crear | Archer |
| 20:25 | Investigar | Castle Age |
| 20:25 | Investigar | Castle Age |
| 20:26 | Investigar | Castle Age |
| 20:33 | Crear | Archer |
| 21:12 | Crear | Archer |
| 21:12 | Crear | Archer |
| 21:38 | Crear | Archer |
| 21:39 | Crear | Archer |
| 21:42 | Construir | House |
| 21:44 | Construir | House |
| 21:46 | Construir | House |
| 21:49 | Construir | House |
| 22:13 | Crear | Archer |
| 22:13 | Crear | Archer |
| 22:22 | Crear | Villager (Male) |
| 22:55 | Construir | Stone Wall |
| 23:05 | Crear | Villager (Male) |
| 23:09 | Construir | Lumber Camp |
| 23:09 | Edad | Edad de los Castillos |
| 23:47 | Construir | Siege Workshop |
| 23:52 | Crear | Villager (Male) |
| 23:52 | Crear | Villager (Male) |
| 24:01 | Investigar | Crossbowman (upgrade) |
| 24:04 | Construir | University |
Build order — 封念云
Primeras 150 de 798 acciones detectadas
| 0:03 | Construir | Town Center |
| 0:35 | Construir | Dock |
| 0:38 | Construir | House |
| 2:32 | Crear | Villager (Male) |
| 2:32 | Crear | Villager (Male) |
| 2:33 | Crear | Villager (Male) |
| 2:33 | Crear | Villager (Male) |
| 2:34 | Crear | Villager (Male) |
| 2:34 | Crear | Villager (Male) |
| 3:31 | Crear | Fishing Ship |
| 3:31 | Crear | Fishing Ship |
| 3:37 | Crear | Villager (Male) |
| 3:37 | Crear | Villager (Male) |
| 4:16 | Construir | House |
| 4:42 | Investigar | Loom |
| 5:04 | Crear | Villager (Male) |
| 5:04 | Crear | Villager (Male) |
| 5:14 | Crear | Fishing Ship |
| 5:26 | Crear | Villager (Male) |
| 5:26 | Crear | Villager (Male) |
| 5:34 | Crear | Villager (Male) |
| 5:35 | Crear | Villager (Male) |
| 5:55 | Construir | House |
| 6:20 | Crear | Villager (Male) |
| 6:27 | Crear | Fishing Ship |
| 6:34 | Crear | Villager (Male) |
| 6:34 | Crear | Villager (Male) |
| 6:52 | Crear | Villager (Male) |
| 6:52 | Crear | Villager (Male) |
| 6:54 | Crear | Fishing Ship |
| 7:19 | Crear | Villager (Male) |
| 7:19 | Crear | Villager (Male) |
| 7:21 | Crear | Fishing Ship |
| 7:22 | Crear | Fishing Ship |
| 7:22 | Crear | Fishing Ship |
| 7:43 | Construir | House |
| 7:48 | Crear | Villager (Male) |
| 7:48 | Crear | Villager (Male) |
| 7:48 | Crear | Villager (Male) |
| 8:14 | Crear | Villager (Male) |
| 8:14 | Crear | Villager (Male) |
| 8:18 | Crear | Fishing Ship |
| 8:18 | Crear | Fishing Ship |
| 8:18 | Crear | Fishing Ship |
| 8:26 | Crear | Villager (Male) |
| 8:28 | Crear | Villager (Male) |
| 8:28 | Crear | Villager (Male) |
| 8:39 | Crear | Villager (Male) |
| 8:39 | Crear | Villager (Male) |
| 8:40 | Crear | Villager (Male) |
| 8:49 | Construir | House |
| 8:56 | Crear | Villager (Male) |
| 8:57 | Crear | Villager (Male) |
| 9:18 | Crear | Fishing Ship |
| 9:27 | Construir | House |
| 9:47 | Crear | Villager (Male) |
| 9:53 | Crear | Villager (Male) |
| 10:05 | Crear | Villager (Male) |
| 10:28 | Construir | Mining Camp |
| 10:53 | Investigar | Feudal Age |
| 10:54 | Investigar | Feudal Age |
| 11:19 | Construir | Barracks |
| 11:35 | Construir | Outpost |
| 11:47 | Construir | Outpost |
| 11:48 | Crear | Villager (Male) |
| 12:16 | Construir | Outpost |
| 12:33 | Crear | Villager (Male) |
| 12:59 | Construir | Mining Camp |
| 13:10 | Edad | Edad Feudal |
| 13:14 | Construir | Archery Range |
| 13:37 | Construir | Blacksmith |
| 13:50 | Construir | Mill |
| 13:53 | Investigar | Town Watch |
| 14:10 | Construir | House |
| 14:11 | Crear | Archer |
| 14:15 | Crear | Fishing Ship |
| 14:19 | Crear | Villager (Male) |
| 14:28 | Construir | Outpost |
| 14:31 | Crear | Villager (Male) |
| 14:51 | Construir | Outpost |
| 14:59 | Construir | Market |
| 15:05 | Crear | Archer |
| 15:12 | Crear | Villager (Male) |
| 15:25 | Construir | Outpost |
| 15:50 | Construir | Outpost |
| 16:00 | Investigar | Castle Age |
| 16:01 | Investigar | Castle Age |
| 16:01 | Crear | Archer |
| 16:19 | Construir | Outpost |
| 16:21 | Crear | Villager (Male) |
| 16:27 | Crear | Archer |
| 16:30 | Construir | Archery Range |
| 16:59 | Construir | Outpost |
| 17:15 | Investigar | Fletching |
| 17:15 | Investigar | Fletching |
| 17:31 | Construir | Dock |
| 17:37 | Crear | Archer |
| 17:41 | Construir | House |
| 17:42 | Construir | House |
| 17:48 | Construir | Lumber Camp |
| 18:03 | Crear | Villager (Male) |
| 18:08 | Crear | Archer |
| 18:18 | Crear | Archer |
| 18:21 | Construir | House |
| 18:23 | Construir | House |
| 18:40 | Edad | Edad de los Castillos |
| 18:44 | Investigar | Crossbowman (upgrade) |
| 18:45 | Investigar | Crossbowman (upgrade) |
| 19:07 | Investigar | Bodkin Arrow |
| 19:08 | Investigar | Bodkin Arrow |
| 19:09 | Crear | Archer |
| 19:20 | Construir | Siege Workshop |
| 19:23 | Crear | Villager (Male) |
| 19:25 | Crear | Archer |
| 19:25 | Crear | Archer |
| 19:26 | Crear | Archer |
| 19:40 | Crear | Villager (Male) |
| 19:45 | Crear | Villager (Male) |
| 19:50 | Crear | Villager (Male) |
| 19:53 | Crear | Villager (Male) |
| 20:16 | Crear | Mangonel |
| 20:18 | Crear | Villager (Male) |
| 20:25 | Crear | Archer |
| 20:25 | Crear | Archer |
| 20:30 | Investigar | Double-Bit Axe |
| 20:31 | Crear | Villager (Male) |
| 21:07 | Crear | Villager (Male) |
| 21:20 | Crear | Villager (Male) |
| 21:23 | Crear | Archer |
| 21:24 | Crear | Archer |
| 21:26 | Crear | Archer |
| 21:26 | Crear | Archer |
| 21:28 | Crear | Villager (Male) |
| 21:32 | Construir | Town Center |
| 21:36 | Crear | Archer |
| 21:44 | Crear | Villager (Male) |
| 22:02 | Crear | Villager (Male) |
| 22:09 | Crear | Archer |
| 22:09 | Crear | Archer |
| 22:10 | Crear | Archer |
| 22:29 | Crear | Villager (Male) |
| 23:05 | Crear | Villager (Male) |
| 23:14 | Crear | Mangonel |
| 23:14 | Crear | Mangonel |
| 23:16 | Construir | Farm |
| 23:19 | Construir | Farm |
| 23:20 | Construir | Farm |
| 23:22 | Investigar | Horse Collar |
| 23:22 | Investigar | Horse Collar |
| 23:22 | Investigar | Horse Collar |
Cronología de la partida
| 0:05 | ノルフ · first_building Dock |
| 0:32 | malathrock · first_building Dock |
| 0:35 | 封念云 · first_building Dock |
| 0:55 | Frozen Frog · first_building Dock |
| 1:13 | Versi · first_building Dock |
| 1:19 | GdR_Johnny Vacanzieri · first_building Dock |
| 1:28 | Versi · wall_segment Palisade Wall x2 |
| 1:30 | Versi · wall_segment Palisade Wall x1 |
| 1:32 | Versi · wall_segment Palisade Wall x1 |
| 2:00 | hypn0s · first_building Dock |
| 4:46 | GdR_Johnny Vacanzieri · wall_segment Palisade Wall x1 |
| 4:48 | GdR_Johnny Vacanzieri · wall_segment Palisade Wall x1 |
| 4:49 | tona1410 · first_building Dock |
| 6:28 | ノルフ · wall_segment Palisade Wall x1 |
| 6:29 | ノルフ · wall_segment Palisade Wall x1 |
| 6:32 | ノルフ · wall_segment Palisade Wall x1 |
| 10:54 | GdR_Johnny Vacanzieri · wall_segment Palisade Wall x1 |
| 10:56 | GdR_Johnny Vacanzieri · wall_segment Palisade Wall x1 |
| 10:57 | Versi · wall_segment Palisade Wall x3 |
| 11:07 | GdR_Johnny Vacanzieri · first_building Barracks |
| 11:19 | 封念云 · first_building Barracks |
| 12:15 | malathrock · age_up feudal |
| 12:18 | GdR_Johnny Vacanzieri · age_up feudal |
| 12:20 | GdR_Johnny Vacanzieri · first_building Archery Range |
| 12:30 | GdR_Johnny Vacanzieri · wall_segment Stone Wall x1 |
| 12:45 | tona1410 · age_up feudal |
| 12:57 | Frozen Frog · age_up feudal |
| 13:04 | ノルフ · age_up feudal |
| 13:10 | 封念云 · age_up feudal |
| 13:12 | Versi · age_up feudal |
| 13:14 | 封念云 · first_building Archery Range |
| 13:47 | tona1410 · wall_segment Palisade Wall x4 |
| 13:49 | tona1410 · wall_segment Palisade Wall x4 |
| 14:01 | tona1410 · wall_segment Palisade Wall x1 |
| 14:02 | tona1410 · wall_segment Palisade Wall x4 |
| 14:24 | hypn0s · age_up feudal |
| 14:29 | tona1410 · first_building Barracks |
| 15:29 | ノルフ · first_market_sell 100 food |
| 16:22 | hypn0s · first_market_sell 100 food |
| 17:04 | malathrock · age_up castle |
| 17:05 | hypn0s · first_market_buy 100 stone |
| 17:14 | malathrock · first_building Castle |
| 18:19 | hypn0s · age_up castle |
| 18:21 | malathrock · wall_segment Palisade Wall x1 |
| 18:23 | Versi · first_market_buy 100 food |
| 18:23 | malathrock · wall_segment Palisade Wall x1 |
| 18:27 | Versi · first_market_sell 100 wood |
| 18:40 | 封念云 · age_up castle |
| 18:53 | 封念云 · first_market_sell 100 stone |
| 19:04 | tona1410 · first_market_sell 100 stone |
| 19:06 | tona1410 · first_market_buy 100 food |
| 19:20 | 封念云 · first_building Siege Workshop |
| 19:40 | hypn0s · first_building Castle |
| 19:41 | tona1410 · first_building Archery Range |
| 20:22 | GdR_Johnny Vacanzieri · first_market_buy 100 food |
| 21:26 | Versi · age_up castle |
| 21:41 | ノルフ · first_building Barracks |
| 22:02 | Versi · first_building Castle |
| 22:55 | GdR_Johnny Vacanzieri · wall_segment Stone Wall x7 |
| 23:07 | ノルフ · first_building Archery Range |
| 23:09 | GdR_Johnny Vacanzieri · age_up castle |
| 23:15 | tona1410 · age_up castle |
| 23:15 | tona1410 · wall_segment Palisade Wall x1 |
| 23:27 | Versi · first_building Siege Workshop |
| 23:36 | ノルフ · age_up castle |
| 23:47 | GdR_Johnny Vacanzieri · first_building Siege Workshop |
| 23:57 | malathrock · first_building Siege Workshop |
| 24:09 | GdR_Johnny Vacanzieri · first_market_sell 100 food |
| 24:10 | ノルフ · first_market_buy 100 wood |
| 25:02 | malathrock · first_market_sell 100 food |
| 25:03 | malathrock · first_market_buy 100 wood |
| 26:26 | tona1410 · first_building Siege Workshop |
| 26:51 | Frozen Frog · age_up castle |
| 27:03 | Frozen Frog · first_building Castle |
| 27:26 | tona1410 · first_building Castle |
| 27:59 | malathrock · first_building Monastery |
| 28:07 | malathrock · first_building Barracks |
| 28:56 | ノルフ · wall_segment Palisade Wall x6 |
| 29:00 | ノルフ · wall_segment Palisade Wall x1 |
| 29:19 | hypn0s · wall_segment Stone Wall x12 |
| 29:21 | ノルフ · first_building Monastery |
| 29:41 | malathrock · first_building Stable |
| 30:06 | hypn0s · first_building Monastery |
| 31:07 | tona1410 · wall_segment Palisade Wall x1 |
| 31:15 | tona1410 · wall_segment Palisade Wall x1 |
| 31:47 | malathrock · age_up imperial |
| 32:39 | Versi · age_up imperial |
| 32:42 | 封念云 · first_building Castle |
| 32:57 | GdR_Johnny Vacanzieri · first_building Monastery |
| 33:05 | hypn0s · wall_segment Stone Wall x1 |
| 33:06 | hypn0s · wall_segment Stone Wall x1 |
| 34:34 | GdR_Johnny Vacanzieri · wall_segment Palisade Wall x1 |
| 35:54 | ノルフ · first_building Castle |
| 36:35 | 封念云 · first_market_buy 100 food |
| 36:42 | Frozen Frog · first_building Siege Workshop |
| 37:01 | Frozen Frog · first_building Barracks |
| 37:19 | hypn0s · age_up imperial |
| 37:24 | GdR_Johnny Vacanzieri · first_building Castle |
| 37:56 | 封念云 · first_building Monastery |
| 38:36 | Frozen Frog · first_market_sell 100 wood |
| 39:02 | Versi · first_building Barracks |
| 39:51 | Frozen Frog · first_building Archery Range |
| 39:57 | tona1410 · wall_segment Palisade Wall x9 |
| 39:58 | 封念云 · age_up imperial |
| 40:07 | Frozen Frog · first_market_buy 100 wood |
| 41:39 | 封念云 · tribute_sent a jugador 1 |
| 41:39 | 封念云 · tribute_sent a jugador 2 |
| 41:39 | 封念云 · tribute_sent a jugador 3 |
| 41:39 | 封念云 · tribute_sent a jugador 4 |
| 41:39 | 封念云 · tribute_sent a jugador 5 |
| 41:39 | 封念云 · tribute_sent a jugador 6 |
| 41:39 | 封念云 · tribute_sent a jugador 7 |
| 41:51 | Frozen Frog · age_up imperial |
| 43:03 | hypn0s · first_building Barracks |
| 43:50 | ノルフ · age_up imperial |
| 44:47 | GdR_Johnny Vacanzieri · wall_segment Palisade Wall x1 |
| 45:32 | hypn0s · first_building Stable |
| 47:18 | GdR_Johnny Vacanzieri · age_up imperial |
| 48:35 | malathrock · wall_segment Stone Wall x14 |
| 50:34 | tona1410 · age_up imperial |
| 55:39 | Versi · first_building Stable |
| 56:00 | malathrock · wall_segment Palisade Wall x1 |
| 58:07 | hypn0s · tribute_sent a jugador 1 |
| 58:07 | hypn0s · tribute_sent a jugador 2 |
| 58:07 | hypn0s · tribute_sent a jugador 4 |
| 58:07 | hypn0s · tribute_sent a jugador 5 |
| 58:07 | hypn0s · tribute_sent a jugador 6 |
| 58:07 | hypn0s · tribute_sent a jugador 7 |
| 58:07 | hypn0s · tribute_sent a jugador 8 |
| 58:26 | hypn0s · wall_segment Stone Wall x1 |
| 58:29 | hypn0s · wall_segment Stone Wall x1 |
| 58:54 | ノルフ · first_building Siege Workshop |
| 59:19 | hypn0s · wall_segment Stone Wall x46 |
| 59:20 | tona1410 · wall_segment Palisade Wall x6 |
| 59:26 | tona1410 · wall_segment Palisade Wall x6 |
| 59:28 | tona1410 · wall_segment Palisade Wall x6 |
| 59:38 | tona1410 · first_building Monastery |
| 60:20 | hypn0s · wall_segment Stone Wall x13 |
| 61:39 | hypn0s · wall_segment Stone Wall x9 |
| 61:45 | hypn0s · wall_segment Stone Wall x8 |
| 63:15 | ノルフ · wall_segment Stone Wall x24 |
| 65:05 | malathrock · resign |
[ ANÁLISIS IA · 1 CRÉDITO ]
¿Qué pasó realmente en esta partida?
Wolo.gg analiza cada decisión: build order, eco, micro, errores típicos por bracket. Análisis personalizado por WhatsApp o Discord en 30 segundos.
Guía civ
Japoneses
Perfil
Jugador #180541